 Dungeon Crawl Stone Soup version 0.25-a0-424-g80bd347ae0 (webtiles) character file.

Game seed: 9973365263792184344, levelgen mode: deterministic

758 kae the Frost Mage (level 7, -13/46 HPs)
             Began as a Merfolk Ice Elementalist on Jan 22, 2020.
             Was an Initiate of Ru.
             Mangled by Prince Ribbit (17 damage)
             ... on level 5 of the Dungeon.
             The game lasted 00:08:36 (6193 turns).

kae the Frost Mage (Merfolk Ice Elementalist)       Turns: 6193, Time: 00:08:37

Health: -13/46     AC: 10    Str:  9    XL:     7   Next: 80%
Magic:  15/23      EV: 13    Int: 16    God:    Ru [......]
Gold:   96         SH:  0    Dex: 14    Spells: 3/15 levels left

rFire    . . .     SeeInvis .   i - +1 whip
rCold    . . .     Gourm    .   (no shield)
rNeg     . . .     Faith    .   a - +0 robe
rPois    .         Spirit   .   (no helmet)
rElec    .         Reflect  .   (no cloak)
rCorr    .         Harm     .   (no gloves)
MR       .....                  n - +1 pair of boots
Stlth    ++........             (no amulet)
HPRegen  0.15/turn              l - ring of magical power
MPRegen  0.18/turn              r - ring of flight

@: icy armour
A: change form in water, swift swim, stealthy swim
a: Renounce Religion, Evoke Flight


You were on level 5 of the Dungeon.
You worshipped Ru.
Ru was noncommittal.
You were not hungry.

You visited 2 branches of the dungeon, and saw 6 of its levels.

You collected 173 gold pieces.
You spent 77 gold pieces at shops.

Inventory:

Hand Weapons
 i - a +1 whip (weapon)
Missiles
 e - 2 boomerangs (quivered)
Armour
 a - a +0 robe (worn)
 n - a +1 pair of boots (worn)
 w - a +1 robe of magic resistance
Jewellery
 l - a ring of magical power (left hand)
 r - a ring of flight (right hand)
Wands
 s - a wand of enslavement (10)
Scrolls
 d - a scroll of identify
 g - 3 scrolls of remove curse
 j - a scroll of fear
 q - a scroll of immolation
 y - 2 scrolls of enchant armour
Potions
 b - 4 potions of brilliance
 f - 3 potions of heal wounds
 h - 4 potions of haste
 k - a potion of might
 m - 2 potions of agility
 o - a potion of invisibility
 p - a potion of cancellation
 t - a potion of mutation {unknown}
 u - 2 potions of curing
 v - 2 potions of degeneration {unknown}
Comestibles
 c - 11 rations
 x - 3 chunks of flesh


   Skills:
 - Level 2.6 Dodging
 - Level 2.1 Stealth
 + Level 4.7 Spellcasting
 * Level 8.8 Ice Magic


You had 3 spell levels left.
You knew the following spells:

 Your Spells              Type           Power        Failure   Level  Hunger
a - Freeze                Ice            ####         1%          1    None
b - Ozocubu's Armour      Chrm/Ice       ###.....     8%          3    ###....
c - Summon Ice Beast      Ice/Summ       ###.....     26%         4    ####...
d - Hailstorm             Conj/Ice       ###.....     26%         4    ####...

Your spell library contained the following spells:

 Spells                   Type           Power        Failure   Level  Hunger


Dungeon Overview and Level Annotations

Branches:
Dungeon (5/15)             Temple (1/1) D:5

Altars:
Cheibriados
Elyvilon
Fedhas
Kikubaaqudgha
Nemelex Xobeh
Okawaru
Qazlal
Ru
Sif Muna
Trog
Uskayaw
Vehumet
Wu Jian
Xom
Yredelemnul
The Shining One

Shops:
D:5 ?

Annotations:
D:4 2 transporters, exclusion: quasit, Sigmund
D:5 Prince Ribbit


Message History

Prince Ribbit seems to slow down.
Prince Ribbit closely misses you.
Casting: Freeze (safe; 1% risk of failure)
Confirm with . or Enter, or press ? or * to list all spells.
Aiming: Freeze (safe; 1% risk of failure)
Press: ? - help, Shift-Dir - straight line, f/p - Prince Ribbit
Aim: Prince Ribbit (lightly wounded, slow)
You freeze Prince Ribbit.
Prince Ribbit is lightly wounded.
Prince Ribbit hits you!
* * * LOW HITPOINT WARNING * * *
Casting: Freeze (safe; 1% risk of failure)
Confirm with . or Enter, or press ? or * to list all spells.
Aiming: Freeze (safe; 1% risk of failure)
Press: ? - help, Shift-Dir - straight line, f/p - Prince Ribbit
Aim: Prince Ribbit (lightly wounded, slow)
You freeze Prince Ribbit!
Prince Ribbit is heavily wounded.
You hear the rapid rusting of a distant drain.
Prince Ribbit hits you!
You die...

..##..#.#..##.#
.....##.##....#
#...##...##...#
#......>......#
#...##...##...#
#....##.##...F#
#.##..#.#..##.# #
#.. #.....##..####.#
##. #...##...hF@..#
###..#...#..#.######
.....h......#.# ##
..[...#.#
.####.......#.#
#.......... ..#
.###........#.# #
#...... .#. #
.........


You could see Prince Ribbit and a hound.

Vanquished Creatures
  A water moccasin (D:5)
  A scorpion (D:4)
  2 hounds (D:4)
  A jelly (D:4)
  2 bullfrog skeletons
  3 orc wizards
  Natasha (thrice) (D:2)
  A worker ant (D:3)
  2 hound skeletons
  2 gnolls (D:2)
  7 adders
  3 oozes
  An adder skeleton (D:5)
  5 worms
  A dart slug (D:3)
  A leopard gecko (D:5)
  15 orcs
  2 ball pythons
  12 bats
  5 giant cockroaches
  10 hobgoblins
  6 jackals
  3 quokkas
  7 frilled lizards
  13 goblins
  8 kobolds
  A quokka zombie (D:5)
  4 rats
122 creatures vanquished.

Notes
Turn   | Place    | Note
-------+----------+-------------------------------------------
     0 | D:1      | kae the Merfolk Ice Elementalist began the quest for the
                  | Orb.
     0 | D:1      | Reached XP level 1. HP: 13/13 MP: 3/3
    98 | D:1      | Reached XP level 2. HP: 5/19 MP: 0/5
   781 | D:1      | Reached skill level 5 in Ice Magic
   943 | D:1      | Reached XP level 3. HP: 24/24 MP: 3/6
  1487 | D:2      | Reached XP level 4. HP: 28/30 MP: 8/8
  1497 | D:2      | Noticed Natasha
  1720 | D:2      | Killed Natasha
  1720 | D:2      | Reached skill level 6 in Ice Magic
  1811 | D:2      | Reached XP level 5. HP: 31/35 MP: 9/9
  2063 | D:2      | Noticed Natasha
  2072 | D:2      | Killed Natasha
  2549 | D:2      | Found an iron altar of Okawaru.
  2777 | D:2      | Noticed Natasha
  2785 | D:2      | Killed Natasha
  3364 | D:2      | Found an iron altar of Okawaru.
  3510 | D:3      | Reached XP level 6. HP: 41/41 MP: 11/11
  3744 | D:3      | Reached skill level 7 in Ice Magic
  3813 | D:3      | Found a glowing golden altar of the Shining One.
  3814 | D:3      | Found a sparkling altar of Nemelex Xobeh.
  3852 | D:3      | Found a stormy altar of Qazlal.
  4190 | D:4      | Found a transporter.
  4236 | D:4      | Noticed Sigmund
  4531 | D:3      | Learned a level 3 spell: Ozocubu's Armour
  4536 | D:3      | Learned a level 4 spell: Summon Ice Beast
  4785 | D:4      | Reached XP level 7. HP: 42/46 MP: 13/13
  4940 | D:4      | Found a transporter.
  5017 | D:4      | Reached skill level 8 in Ice Magic
  5534 | D:4      | Learned a level 4 spell: Hailstorm
  5561 | D:5      | Entered Level 5 of the Dungeon
  5565 | D:5      | Noticed Prince Ribbit
  5770 | D:5      | Found Oroeties's Magic Scroll Emporium.
  5773 | D:5      | Bought a scroll of identify for 28 gold pieces
  5773 | D:5      | Bought a scroll of fear for 49 gold pieces
  5939 | D:5      | Found a basalt altar of Yredelemnul.
  6011 | D:5      | Found a staircase to the Ecumenical Temple.
  6024 | Temple   | Entered the Ecumenical Temple
  6084 | Temple   | Became a worshipper of Ru the Awakened
  6193 | D:5      | Mangled by Prince Ribbit

Levels and vault maps discovered:
D:1:      dpeg_arrival_arbitrary_c, layout_loops_ring
D:2:      layout_basic, okawaru_altar_gauntlet_db, uniq_natasha
D:3:      layout_rooms, nicolae_overflow_hidden_temple, first_ration,
          grunt_decor_resistance, tso_metal_star
D:4:      gammafunk_wand_slinger, layout_loops_ring, uniq_sigmund
D:5:      layout_loops_ring, minmay_temple_entry_waves, serial_shops,
          kennysheep_mini_moat, gup_sewer_entry_glass, lemuel_altar_in_water,
          uniq_prince_ribbit1
Temple:   minmay_crystal_spiral_temple

Skill      XL: |  1  2  3  4  5  6  7 |
---------------+----------------------+-----
Ice Magic      | 5 6 7 8 |  8.8
Spellcasting   | 3 4 |  4.7
Dodging        | |  2.6
Stealth        | |  2.1

Action                   |  1- 3 |  4- 6 |  7- 9 || total
-------------------------+-------+-------+-------++-------
Melee: Unarmed           |     8 |       |       ||     8
       Whip              |     6 |    22 |    49 ||    77
Throw: Boomerang         |    27 |    75 |     2 ||   104
 Cast: Freeze            |    57 |   123 |    31 ||   211
       Ozocubu's Armour  |       |     1 |     2 ||     3
  Use: Scroll            |     3 |     9 |     2 ||    14
 Stab: Sleeping          |     1 |     1 |     1 ||     3
       Distracted        |     1 |       |       ||     1
  Eat: Chunk             |     2 |    11 |     1 ||    14
       Ration            |       |       |     1 ||     1
Armor: Robe              |    10 |    31 |    19 ||    60
Dodge: Dodged            |    33 |    95 |    47 ||   175

Table legend:
 A = Non-vault XP
 B = Vault XP
 C = Vault XP percentage of total XP
 D = Non-vault monster count
 E = Vault monster count
 F = Vault count percentage of total count
                 A         B        C        D         E       F
            +---------+---------+-------+---------+---------+-------
      Total |    1008 |      76 |   7.0 |     115 |       7 |   5.7
            +---------+---------+-------+---------+---------+-------
        D:1 |      41 |       0 |   0.0 |      24 |       0 |   0.0
        D:2 |     185 |      76 |  29.1 |      33 |       7 |  17.5
        D:3 |     133 |       0 |   0.0 |      31 |       0 |   0.0
        D:4 |     321 |       0 |   0.0 |      15 |       0 |   0.0
        D:5 |     328 |       0 |   0.0 |      12 |       0 |   0.0
            +---------+---------+-------+---------+---------+-------
